 Dungeon Crawl Stone Soup version 0.31-a0-232-gb1c03b2570 (webtiles) character file.

Game seed: 183424995012768915

610 qw the Shooter (level 7, -2/43 HPs)
             Began as a Gargoyle Hexslinger on July 6, 2023.
             Slain by a black bear (6 damage)
             ... on level 4 of the Dungeon.
             The game lasted 00:01:44 (2804 turns).

qw the Shooter (Gargoyle Hexslinger)                Turns: 2804, Time: 00:01:45

Health: -2/43      AC: 15    Str:  8 (11) XL:     7   Next: 43%
Magic:  8/8        EV: 10    Int: 12 (14) God:
Gold:   75         SH:  0    Dex: 13 (14) Spells: 7/8 levels left

rFire   + . .        Y - +1 sling
rCold   . . .        (no shield)
rNeg    + . .        f - +0 ring mail
rPois   inf          (no helmet)
rElec   +            b - +0 cloak
rCorr   .            h - +1 pair of gloves
SInv    +            (no boots)
Will    +....        (no amulet)
Stlth   +            j - ring of willpower
HPRegen 0.27/turn    (no ring)
MPRegen 0.11/turn

%: clarity
@: no status effects
A: sickness immunity, AC +4, negative energy resistance 1, electricity
resistance, torment resistance 1, petrification resistance, iridescent scales 1,
see invisible, clarity, fire resistance 1
a: no special abilities


You were on level 4 of the Dungeon.
You visited 1 branch of the dungeon, and saw 5 of its levels.

You collected 179 gold pieces.
You spent 104 gold pieces at shops.


Innate Abilities, Weirdness & Mutations

You are immune to sickness and miasma.
Your stone body is resilient. (AC +4)
You are immune to poison.
You resist negative energy. (rN+)
You are resistant to electric shocks. (rElec)
You are resistant to unholy torment.
You are immune to petrification.
You are partially covered in iridescent scales. (AC +2)
You have supernaturally acute eyesight. (SInv)
You possess an exceptional clarity of mind.
Your flesh is heat resistant. (rF+)


   Skills:
 - Level 4.1 Fighting
 - Level 7.0 Ranged Weapons
 + Level 1.0 Armour
 - Level 1.5 Dodging
 - Level 1.0 Spellcasting
 - Level 2.6 Hexes


You had 7 spell levels left.
You knew the following spells:

 Your Spells              Type           Power      Damage    Failure   Level
a - Slow                  Hex            28%        N/A       30%         1

Your spell library contained the following spells:

 Spells                   Type           Power      Damage    Failure   Level
 Inner Flame              Hex/Fire       3%         N/A       85%         3
 Portal Projectile        Hex/Tloc       6%         N/A       85%         3
 Cause Fear               Hex            3%         N/A       97%         4

Inventory:

Hand Weapons
 Y - a +1 sling (weapon)
Armour
 b - a +0 cloak (worn)
 f - a +0 ring mail (worn)
 h - a +1 pair of gloves (worn)
Jewellery
 j - a ring of willpower (left hand)
Scrolls
 o - a scroll of identify
Potions
 c - a potion of enlightenment
 d - a potion of cancellation {unknown}
 e - a potion of haste {unknown}
 g - a potion of curing
 i - 2 potions of mutation
 l - a potion of attraction {unknown}

Dungeon Overview and Level Annotations

Branches:
Dungeon (5/15)
 Temple: D:4-7

Altars:
Dithmenos
Kikubaaqudgha

Shops:
D:4 *   D:5 !

Annotations:
D:3 2 runed translucent doors, qw's ghost, amateur MiHs


Message History

The sling bullet hits the black bear but does no damage.
The black bear is severely wounded.
The black bear bites you but does no damage.
The black bear claws you but does no damage.
The black bear closely misses you. x2; The black bear claws you. x2
You shoot a sling bullet.
The sling bullet barely misses the black bear.
The sling bullet barely misses the iguana.
The sling bullet hits the iguana.
The iguana is moderately wounded.
The black bear bites you but does no damage.
The black bear claws you but does no damage. x2
The black bear bites you! The black bear closely misses you.
The black bear barely misses you.
You shoot a sling bullet. The sling bullet hits the black bear!
The black bear is almost dead.
The black bear bites you but does no damage.
The black bear barely misses you. The black bear closely misses you. x2
The black bear claws you but does no damage. x2
You shoot a sling bullet.
The sling bullet hits the black bear but does no damage.
The black bear is almost dead.
The black bear bites you. The black bear claws you. x2
You shoot a sling bullet. The sling bullet hits the black bear.
The black bear is almost dead.
The black bear bites you but does no damage.
The black bear claws you but does no damage.
The black bear claws you. The black bear closely misses you.
The black bear claws you but does no damage. x2
You shoot a sling bullet.
The sling bullet barely misses the black bear.
The sling bullet barely misses the iguana.
The sling bullet hits the iguana.
The iguana is heavily wounded.
The black bear bites you but does no damage.
The black bear barely misses you.
The black bear claws you but does no damage.
The black bear bites you but does no damage.
The black bear barely misses you. The black bear claws you.
You die...

### #@# #h#
#l# #l##
#J.####
#.....# ######
#.###.# #...).
#.#
#.#######.....
#.#
#.......'.....


You could see a black bear (berserk), 2 iguanas and a jelly.

Vanquished Creatures
  Grinder (D:3)
  A hound (D:4)
  2 orc priests (D:4)
  A jelly (D:4)
  3 iguanas (D:4)
  An orc wizard (D:4)
  3 gnolls (D:3)
  7 adders
  An ufetubus (D:4)
  2 worms
  2 dart slugs (D:2)
  8 orcs
  5 bats
  6 endoplasms
  3 giant cockroaches
  8 goblins
  3 hobgoblins
  5 jackals
  5 quokkas
  8 ball pythons
  4 frilled lizards
  9 kobolds
  7 rats
95 creatures vanquished.

Vanquished Creatures (others)
  A human (D:3)
1 creature vanquished.

Grand Total: 96 creatures vanquished

Notes
Turn   | Place    | Note
-------+----------+-------------------------------------------
     0 | D:1      | qw the Gargoyle Hexslinger began the quest for the Orb.
     0 | D:1      | Reached XP level 1. HP: 12/12 MP: 2/2
     0 | D:1      | 0 ||| qw: Version: 0.3-a-46-gb1f654a
     0 | D:1      | 0 ||| qw: Game counter: 2086
     0 | D:1      | 0 ||| qw: Melee chars always use a shield: true
     0 | D:1      | 0 ||| qw: God list: Okawaru
     0 | D:1      | 0 ||| qw: Allow faded altars: false
     0 | D:1      | 0 ||| qw: Do Orc after clearing Dungeon:15 true
     0 | D:1      | 0 ||| qw: Do second Lair branch before Depths: true
     0 | D:1      | 0 ||| qw: Lair rune preference: random
     0 | D:1      | 0 ||| qw: Goals: Normal
     0 | D:1      | 0 ||| PLANNING D:1-11
   103 | D:1      | Reached XP level 2. HP: 16/16 MP: 3/3
   153 | D:1      | Found a faded altar of an unknown god.
   216 | D:1      | Reached skill level 3 in Ranged Weapons
   247 | D:1      | 247 ||| FLEEEEING.
   248 | D:1      | 248 ||| FLEEEEING.
   249 | D:1      | 249 ||| FLEEEEING.
   281 | D:1      | Reached XP level 3. HP: 16/21 MP: 4/4
   416 | D:1      | 416 ||| UPGRADING to +0 ring mail.
   426 | D:1      | 426 ||| DROPPING +0 robe.
   427 | D:1      | 427 ||| UPGRADING to +0 pair of gloves.
   432 | D:1      | 432 ||| READING scroll labelled SOADUS FIOMPO.
   433 | D:1      | 433 ||| DRINKING 2 inky potions.
   434 | D:1      | 434 ||| DRINKING 2 fizzy ruby potions.
   434 | D:1      | Gained mutation: You possess an exceptional clarity of
                  | mind. [potion of mutation]
   434 | D:1      | Gained mutation: You have supernaturally acute eyesight.
                  | (SInv) [potion of mutation]
   434 | D:1      | Gained mutation: Your flesh is heat resistant. (rF+)
                  | [potion of mutation]
   434 | D:1      | Gained mutation: You are partially covered in iridescent
                  | scales. (AC +2) [potion of mutation]
   435 | D:1      | 435 ||| DROPPING scroll of poison.
   602 | D:2      | Reached skill level 1 in Armour
   847 | D:2      | Reached XP level 4. HP: 18/26 MP: 5/5
  1087 | D:2      | Reached skill level 4 in Ranged Weapons
  1117 | D:2      | 1117 ||| READING scroll of enchant armour.
  1117 | D:2      | 1117 ||| ENCHANTING +0 pair of gloves.
  1155 | D:2      | 1155 ||| UPGRADING to +0 cloak.
  1160 | D:2      | 1160 ||| READING scroll labelled JOISYGE QIUNOCW.
  1181 | D:3      | Found a runed translucent door.
  1184 | D:3      | Noticed qw's ghost (amateur MiHs)
  1192 | D:3      | Noticed Grinder
  1212 | D:3      | Paralysed by Grinder for 4 turns
  1222 | D:3      | HP: 5/26 [Grinder/nerve-wracking pain (2)]
  1225 | D:3      | Killed Grinder
  1226 | D:3      | Reached skill level 6 in Ranged Weapons
  1226 | D:3      | Reached XP level 5. HP: 7/30 MP: 6/6
  1226 | D:3      | Reached XP level 6. HP: 8/35 MP: 7/7
  1377 | D:3      | Found a runed translucent door.
  1689 | D:3      | Found an ancient bone altar of Kikubaaqudgha.
  1690 | D:3      | Noticed a human
  1693 | D:3      | Killed a human
  1805 | D:3      | Reached skill level 3 in Fighting
  1949 | D:3      | 1949 ||| READING scroll labelled DILUON GEITADE.
  2021 | D:4      | Found a shadowy altar of Dithmenos.
  2075 | D:4      | Found Halanim's Assorted Antiques.
  2091 | D:4      | 2091 ||| BUYING 2 ruby potions (41 gold).
  2091 | D:4      | Bought 2 ruby potions for 41 gold pieces
  2091 | D:4      | 2091 ||| BUYING fuming grey potion (20 gold).
  2091 | D:4      | Bought a fuming grey potion for 20 gold pieces
  2091 | D:4      | 2091 ||| SHOPLISTING runed ring mail (161 gold, have 62).
  2091 | D:4      | 2091 ||| BUYING sapphire potion (20 gold).
  2091 | D:4      | Bought a sapphire potion for 20 gold pieces
  2091 | D:4      | 2091 ||| BUYING scroll labelled DOEQAY RICLO (23 gold).
  2091 | D:4      | Bought a scroll labelled DOEQAY RICLO for 23 gold pieces
  2091 | D:4      | 2091 ||| SHOPLISTING scroll labelled WARGHI VOSHRETA (23
                  | gold, have 19).
  2091 | D:4      | 2091 ||| SHOPLISTING scroll of identify (46 gold, have 19).
  2091 | D:4      | 2091 ||| SHOPLISTING tubular glass ring (115 gold, have
                  | 19).
  2226 | D:4      | Reached XP level 7. HP: 38/43 MP: 8/8
  2581 | D:4      | 2581 ||| UPGRADING to ring of willpower.
  2582 | D:4      | 2582 ||| READING 3 scrolls labelled DOEQAY RICLO.
  2583 | D:4      | 2583 ||| READING scroll labelled OCZUIPLIOLUE.
  2584 | D:4      | 2584 ||| READING scroll labelled SOUDUMITOTH.
  2585 | D:4      | 2585 ||| READING scroll labelled VAASTA KAIQ.
  2586 | D:4      | 2586 ||| READING scroll labelled ETEKECWESTRIJ.
  2587 | D:4      | 2587 ||| DRINKING 2 sapphire potions.
  2692 | D:4      | 2692 ||| DRINKING 2 pink potions.
  2693 | D:4      | 2693 ||| DRINKING 3 ruby potions.
  2694 | D:4      | 2694 ||| DROPPING potion of berserk rage.
  2695 | D:4      | 2695 ||| DROPPING 2 potions of degeneration.
  2696 | D:4      | 2696 ||| DROPPING 2 scrolls of amnesia.
  2718 | D:5      | Entered Level 5 of the Dungeon
  2718 | D:5      | Found Geirghu's Distillery.
  2719 | D:5      | 2719 ||| PLANNING SEWER
  2726 | D:5      | 2726 ||| STAIRDANCE
  2744 | D:4      | Reached skill level 7 in Ranged Weapons
  2787 | D:5      | 2787 ||| STAIRDANCE
  2802 | D:4      | HP: 10/43 [black bear (3)]
  2803 | D:4      | HP: 4/43 [black bear (2)]
  2804 | D:4      | Slain by a black bear

Levels and vault maps discovered:
D:1:      psy_arrival_conway, layout_rooms, serial_glass, glass_columns_a,
          glass_columns_b, shapermc_ecumenical_altar_venn,
          minmay_misc_feat_four_crosses
D:2:      layout_basic, minmay_pentomino_z2
D:3:      layout_basic, tgw_kikubaaqudgha, ebering_ghost_sewer_f, uniq_grinder
D:4:      minmay_diamond_boxcup, layout_basic,
          grunt_dithmenos_smoke_and_mirrors, serial_shops,
          nicolae_shop_overgrown_old_shop
D:5:      layout_basic, nicolae_overflow_hidden_temple,
          minmay_temple_entry_mini_moons, lightli_sewer_entry_pipes,
          serial_shops, shop, minmay_misc_feat_columns, saegor_snake_ambush

Skill      XL: |  1  2  3  4  5  6  7 |
---------------+----------------------+-----
Ranged Weapons | 3 6 7 |  7.0
Fighting       | 2 4 |  4.1
Armour         | 1 |  1.0
Dodging        | |  1.5
Spellcasting   | |  1.0
Hexes          | |  2.6

Action                     |  1- 3 |  4- 6 |  7- 9 || total
---------------------------+-------+-------+-------++-------
   Fire: Sling             |   136 |   216 |   121 ||   473
    Use: Potion            |     2 |       |     3 ||     5
         Scroll            |     1 |     3 |     5 ||     9
 Armour: Robe              |     6 |       |       ||     6
         Ring mail         |    45 |    77 |   129 ||   251
  Dodge: Dodged            |    52 |    62 |    97 ||   211

Table legend:
 A = Non-vault XP
 B = Vault XP
 C = Vault XP percentage of total XP
 D = Non-vault monster count
 E = Vault monster count
 F = Vault count percentage of total count
                 A         B        C        D         E       F
            +---------+---------+-------+---------+---------+-------
      Total |     527 |     345 |  39.6 |      84 |      11 |  11.6
            +---------+---------+-------+---------+---------+-------
        D:1 |      35 |       0 |   0.0 |      23 |       0 |   0.0
        D:2 |      76 |       6 |   7.3 |      21 |       2 |   8.7
        D:3 |      96 |     272 |  73.9 |      19 |       1 |   5.0
        D:4 |     320 |      67 |  17.3 |      21 |       8 |  27.6
            +---------+---------+-------+---------+---------+-------
